 Dungeon Crawl Stone Soup version 0.28.0-47-ge53b351184 (webtiles) character file.

Game seed: 8382133837356922613

11 joe1234567 the Conjurer (level 2, 0/13 HPs)
             Began as a Vine Stalker Conjurer on May 6, 2022.
             Was a High Priest of Ignis.
             Slain by a kobold
             ... wielding a +0 whip
              (2 damage)
             ... on level 1 of the Dungeon.
             The game lasted 00:03:18 (492 turns).

joe1234567 the Conjurer (Vine Stalker Conjurer)      Turns: 492, Time: 00:03:18

Health: 0/13       AC:  2    Str:  9    XL:     2   Next: 29%
Magic:  0/6        EV: 12    Int: 18    God:    Ignis [*****.]
Gold:   15         SH:  0    Dex: 12    Spells: 4/5 levels left

rFire   . . .      SeeInvis .   (no weapon)
rCold   + . .      Faith    .   (no shield)
rNeg    . . .      Spirit   +   a - +0 robe
rPois   .          Reflect  .   (no helmet)
rElec   .          Harm     .   (no cloak)
rCorr   .          Rampage  .   (no gloves)
Will    .....                   (no boots)
Stlth   ++........              (no amulet)
HPRegen 0.04/turn               b - ring of ice
MPRegen 0.10/turn               (no ring)

@: no status effects
A: fangs 2, magic shield, antimagic bite, no potion heal 2
a: Renounce Religion, Fiery Armour, Foxfire Swarm, Rising Flame


You were on level 1 of the Dungeon.
You worshipped Ignis.
Ignis was extremely pleased with you.
You visited 1 branch of the dungeon, and saw 1 of its levels.

You collected 15 gold pieces.

Inventory:

Armour
 a - a +0 robe (worn)
Jewellery
 b - a ring of ice (left hand)
Potions
 c - a potion of flight {unknown}
 d - a potion of degeneration {unknown}


   Skills:
 + Level 1.6 Dodging
 + Level 2.5 Stealth
 + Level 2.2 Spellcasting
 + Level 4.4 Conjurations


You had 4 spell levels left.
You knew the following spells:

 Your Spells              Type           Power      Damage    Failure   Level
a - Magic Dart            Conj           68%        1d6       3%          1

Your spell library contained the following spells:

 Spells                   Type           Power      Damage    Failure   Level
 Searing Ray              Conj           34%        2d5       4%          2
 Dazzling Flash           Conj/Hex       18%        N/A       22%         3
 Fulminant Prism          Conj/Hex       4%         3d6       56%         4
 Iskenderun's Mystic Bla  Conj/Tloc      9%         2d4       56%         4


Dungeon Overview and Level Annotations

Branches:
Dungeon (1/15)

Altars:
Ignis

Shops:
D:1 [


Innate Abilities, Weirdness & Mutations

You have extremely sharp teeth.
When hurt, damage is shared between your health and your magic reserves.
Your bite disrupts and absorbs the magic of your enemies.
Potions cannot restore your health.


Message History

You see here a rat corpse.
c - a fizzy inky potion
d - a fizzy yellow potion A goblin comes into view.
It is wielding a +0 dagger.
The goblin shouts!
You hear a shout!
You closely miss the goblin. You bite the goblin, but do no damage.
The goblin barely misses you.
You barely miss the goblin. Your punch misses the goblin. You bite the goblin.
You kill the goblin!
A kobold comes into view. It is wielding a +0 whip.
The kobold shouts!
The kobold throws a stone.
The stone hits you.
You see here a +0 dagger.
The kobold throws a stone.
The stone hits you. The kobold hits you with a +0 whip.
You closely miss the kobold. Your bite misses the kobold.
The kobold hits you with a +0 whip.
You closely miss the kobold. Your bite misses the kobold.
The kobold hits you but does no damage.
You hit the kobold but do no damage. The kobold hits you with a +0 whip.
You miss the kobold. You bite the kobold. You drain its power.
You feel invigorated.
The kobold is heavily wounded.
The kobold hits you with a +0 whip.
* * * LOW HITPOINT WARNING * * *
You hit the kobold but do no damage.
The kobold is heavily wounded.
The kobold hits you with a +0 whip.
* * * LOW HITPOINT WARNING * * *
You closely miss the kobold. You bite the kobold. You drain its power.
You feel invigorated.
The kobold is severely wounded.
The kobold barely misses you.
You hit the kobold but do no damage. Your bite misses the kobold.
The kobold is severely wounded.
The kobold closely misses you.
You miss the kobold.
The kobold is severely wounded.
The kobold hits you with a +0 whip.
You die...

.............#
####.#.......#
.............#
####.######†.# #.#
#..######### #.#
#........... #.#
##.##...#
#.######...).#.#
#.........##.@.#
############.###K##
....# #.# #.# ###.#
#.# #.# #.# #.# #.#
#.# #.# #.. ###.#
#.. ... †...# ###
#.. ##..#


You could see a kobold.

Vanquished Creatures
  A dart slug (D:1)
  2 giant cockroaches (D:1)
  A goblin (D:1)
  A quokka (D:1)
  A ball python (D:1)
  A bat (D:1)
  A frilled lizard (D:1)
  2 rats (D:1)
10 creatures vanquished.

Notes
Turn   | Place    | Note
-------+----------+-------------------------------------------
     0 | D:1      | joe1234567 the Vine Stalker Conjurer began the quest for
                  | the Orb.
     0 | D:1      | Reached XP level 1. HP: 9/9 MP: 4/4
    77 | D:1      | Found Rexur's Antique Armour Boutique.
   106 | D:1      | Found a faded altar of an unknown god.
   148 | D:1      | Prayed at the altar of an unknown god.
   148 | D:1      | Became a worshipper of Ignis, the Dying Flame
   298 | D:1      | Reached XP level 2. HP: 8/13 MP: 4/6
   492 | D:1      | Slain by a kobold

Illustrated notes

Levels and vault maps discovered:
D:1:      minmay_arrival_diagonal_passages, layout_loops_ring,
          basic_ecumenical_altar, serial_shops, shop_statue, minmay_hexomino_r4

Action                   || total
-------------------------++-------
Melee: Unarmed           ||    56
       Bite              ||    17
       Punch             ||     2
 Cast: Magic Dart        ||     7
 Stab: Sleeping          ||     1
Armor: Robe              ||    16
Dodge: Dodged            ||    30
